 Dungeon Crawl Stone Soup version 0.31-a0-202-g547052bce9 (webtiles) character file.

Game seed: 4524363325962228011

267 qw the Skirmisher (level 6, -2/34 HPs)
             Began as a Deep Elf Hunter on June 26, 2023.
             Slain by a goblin
             ... wielding a +0 dagger
             ... led by Robin
              (5 damage)
             ... on level 2 of the Dungeon.
             The game lasted 00:00:25 (1346 turns).

qw the Skirmisher (Deep Elf Hunter)                 Turns: 1346, Time: 00:00:26

Health: -2/34      AC:  3    Str: 10    XL:     6   Next: 0%
Magic:  8/8        EV: 12    Int: 14    God:
Gold:   68         SH:  0    Dex: 18    Spells: 5/5 levels left

rFire   . . .        Y - +0 shortbow
rCold   . . .        (shield currently unavailable)
rNeg    . . .        c - +0 leather armour
rPois   .            (no helmet)
rElec   .            (no cloak)
rCorr   .            (no gloves)
SInv    .            (no boots)
Will    .....        (no amulet)
Stlth   ++           (no ring)
HPRegen 0.25/turn    (no ring)
MPRegen 0.11/turn

%: no passive effects
@: about to teleport
A: no striking features
a: no special abilities


You were on level 2 of the Dungeon.
You visited 1 branch of the dungeon, and saw 2 of its levels.

You collected 68 gold pieces.


   Skills:
 + Level 1.5 Fighting
 - Level 9.4 Ranged Weapons
 - Level 3.0 Dodging
 - Level 1.2 Stealth


You had 5 spell levels left.
You didn't know any spells.
Your spell library was empty.

Inventory:

Hand Weapons
 Y - a +0 shortbow (weapon)
Armour
 c - a +0 leather armour (worn)
 d - a +0 ring mail
 e - a scarf of harm
Scrolls
 b - a scroll of teleportation
Potions
 a - a potion of magic {unknown}
 f - 2 potions of might {unknown}

Dungeon Overview and Level Annotations

Branches:
Dungeon (2/15)

Altars:

Annotations:
D:2 Robin


Message History

You shoot an arrow. The arrow hits the adder!
You kill the adder!
An adder comes into view.
You shoot an arrow. The arrow barely misses the goblin.
The arrow hits the hobgoblin.
The hobgoblin is lightly wounded.
A goblin comes into view. It is wielding a +0 club.
The goblin hits you with a +0 dagger.
Robin roars a battlecry!
The goblins go into a battle-frenzy!
You shoot an arrow. The goblin shouts!
The arrow hits the goblin but does no damage.
The goblin is severely wounded.
The goblin hits you with a +0 dagger. The goblin hits you with a +0 club.
You shoot an arrow. The arrow hits the goblin.
You kill the goblin!
The goblin hits you with a +0 club. The goblin barely misses you.
You shoot an arrow. The arrow hits the goblin.
You kill the goblin!
The goblin closely misses you. The goblin hits you with a +0 dagger.
Your Dodging skill increases to level 3!
You have reached level 6!
You shoot an arrow. The arrow hits the hobgoblin.
The hobgoblin is moderately wounded.
The hobgoblin barely misses you. The goblin misses you.
The goblin barely misses you.
You shoot an arrow. The arrow closely misses the hobgoblin.
The arrow barely misses the goblin.
The hobgoblin hits you but does no damage.
The goblin hits you with a +0 dagger. The goblin barely misses you.
You shoot an arrow. The arrow hits the hobgoblin!
You kill the hobgoblin!
The goblin hits you with a +0 dagger.
The goblin hits you from afar with a +0 spear.
1346 ||| READING 2 scrolls of teleportation.
As you read the scroll of teleportation, it crumbles to dust.
You feel strangely unstable.
The goblin hits you with a +0 dagger. x2
You die...

..#
#...#.######.##......##.#
..#
#...#......#.##....#.##.#
..#
#...######.#.##....#.##.###
..# #..[#
#.#.##....#.##.... ..#
#...# #.#..'......######
..# #####
#.####....#...#### #.#
#................. #.#
#gg........####..# #.#
#@gS.......# ##.# #.#
#gg........# #.# ..#
#ggg.......# #.# ..#
#.%........# #.# ..#
#.#.#.#.#.## #.# ..#
#.......... #+# ###
#.#...... ...... ##.......
...... ......


You could see Robin, an adder, 2 hobgoblins and 5 goblins.

Vanquished Creatures
  Sigmund (D:2)
  Jessica (D:2)
  3 adders (D:2)
  A dart slug (D:1)
  5 bats
  2 endoplasms
  A giant cockroach (D:1)
  6 goblins
  7 hobgoblins
  2 jackals (D:2)
  A quokka (D:2)
  3 ball pythons (D:1)
  3 frilled lizards
  3 kobolds
  3 rats (D:1)
42 creatures vanquished.

Notes
Turn   | Place    | Note
-------+----------+-------------------------------------------
     0 | D:1      | qw the Deep Elf Hunter began the quest for the Orb.
     0 | D:1      | Reached XP level 1. HP: 12/12 MP: 3/3
     0 | D:1      | 0 ||| qw: Version: 0.3-a-22-g0ed2b0b
     0 | D:1      | 0 ||| qw: Game counter: 6196
     0 | D:1      | 0 ||| qw: Melee chars always use a shield: true
     0 | D:1      | 0 ||| qw: God list: Okawaru
     0 | D:1      | 0 ||| qw: Allow faded altars: false
     0 | D:1      | 0 ||| qw: Do Orc after clearing Dungeon:15 true
     0 | D:1      | 0 ||| qw: Do second Lair branch before Depths: true
     0 | D:1      | 0 ||| qw: Lair rune preference: random
     0 | D:1      | 0 ||| qw: Goals: Normal
     0 | D:1      | 0 ||| PLANNING D:1-11
   109 | D:1      | 109 ||| READING scroll labelled TEHYSKE JOZO.
   115 | D:1      | 115 ||| DROPPING scroll of butterflies.
   120 | D:1      | Reached XP level 2. HP: 16/16 MP: 4/4
   192 | D:1      | Reached skill level 6 in Ranged Weapons
   610 | D:1      | 610 ||| READING scroll labelled NEUXEM KOCEO.
   690 | D:2      | Noticed Jessica
   691 | D:2      | Reached XP level 3. HP: 20/20 MP: 5/5
   691 | D:2      | Killed Jessica
   692 | D:2      | Reached skill level 7 in Ranged Weapons
   736 | D:2      | HP: 5/20 [poisoned by an adder]
   740 | D:2      | HP: 2/20 [poisoned by an adder]
   939 | D:2      | Reached XP level 4. HP: 25/25 MP: 6/6
   960 | D:2      | Noticed Sigmund
   974 | D:2      | Killed Sigmund
   975 | D:2      | Reached skill level 9 in Ranged Weapons
   975 | D:2      | Reached XP level 5. HP: 19/29 MP: 7/7
  1033 | D:2      | 1033 ||| FLEEEEING.
  1034 | D:2      | 1034 ||| FLEEEEING.
  1035 | D:2      | 1035 ||| FLEEEEING.
  1036 | D:2      | 1036 ||| FLEEEEING.
  1335 | D:2      | Noticed Robin
  1343 | D:2      | Reached skill level 3 in Dodging
  1343 | D:2      | Reached XP level 6. HP: 13/34 MP: 8/8
  1345 | D:2      | HP: 6/34 [goblin/+0 dagger[Robin] (5)]
  1346 | D:2      | 1346 ||| READING 2 scrolls of teleportation.
  1346 | D:2      | Slain by a goblin

Levels and vault maps discovered:
D:1:      kennysheep_arrival_forest, layout_loops_cross, hangedman_glass_teeth
D:2:      layout_basic, st_stairs_4, uniq_robin, uniq_jessica, uniq_sigmund

Skill      XL: |  1  2  3  4  5 |
---------------+----------------+-----
Ranged Weapons | 6 7 9 |  9.4
Dodging        | 3 |  3.0
Fighting       | |  1.5
Stealth        | |  1.2

Action                     |  1- 3 |  4- 6 || total
---------------------------+-------+-------++-------
   Fire: Shortbow          |    71 |    30 ||   101
    Use: Scroll            |     2 |     1 ||     3
 Armour: Leather armour    |     9 |     5 ||    14
  Dodge: Dodged            |    20 |     8 ||    28

Table legend:
 A = Non-vault XP
 B = Vault XP
 C = Vault XP percentage of total XP
 D = Non-vault monster count
 E = Vault monster count
 F = Vault count percentage of total count
                 A         B        C        D         E       F
            +---------+---------+-------+---------+---------+-------
      Total |      81 |     301 |  78.8 |      35 |       7 |  16.7
            +---------+---------+-------+---------+---------+-------
        D:1 |      34 |       0 |   0.0 |      21 |       0 |   0.0
        D:2 |      47 |     301 |  86.5 |      14 |       7 |  33.3
            +---------+---------+-------+---------+---------+-------
